Map: Frozen Temple

Players

Miszu - Winner!

  • Race: Terran Terran
  • League: Master

MperorM

  • Race: Terran Terran
  • League: Master

VOD

Have the link to the VOD?

Description

Time

  • Played on: April 6, 2016, 3:08 p.m.
  • Length: 11:02
Show
View Real Time Build Order
Export as new Build Order

Miszu Terran - Winner!

Build Orders: 1/1/1, Liberator Opening 

Get SALT Encoding   

  12  0:01  SCV  
  13  0:13  SCV  
  14  0:20  Supply Depot  
  14  0:25  SCV  
  15  0:35  Refinery  
  15  0:41  SCV  
  16  0:48  Barracks  
  16  0:54  SCV  
  17  1:06  SCV  
  18  1:18  SCV  
  20  1:34  Orbital Command, Refinery  
  20  1:35  Marine  
  20  1:37  Factory  
  20  1:48  Supply Depot  
  20  1:53  Marine  
  21  2:00  SCV  
  22  2:11  Marine  
  22  2:12  SCV  
  24  2:20  Hellion  
  24  2:22  Starport  
  26  2:24  SCV  
  26  2:29  Marine  
  28  2:35  Supply Depot  
  28  2:36  SCV  
  29  2:42  Hellion  
  31  2:56  Marine  
  31  2:57  SCV  
  31  2:58  Medivac, Supply Depot  
  35  3:11  Liberator  
  33  3:15  Marine  
  33  3:16  Hellion  
  33  3:17  SCV  
  33  3:18  Engineering Bay  
  37  3:23  Supply Depot  
  37  3:31  SCV  
  41  3:36  Barracks Reactor  
  41  3:37  Hellion  
  43  3:46  SCV  
  42  4:15  Factory Tech Lab  
  42  4:26  SCV  
  42  4:30  Viking  
  42  4:31  Missile Turret  
  43  4:35  Command Center  
  43  4:38  SCV  
  36  4:50  Cyclone, SCV  
  40  4:57  Missile Turret  
  40  4:58  Marine x2  
  42  5:02  SCV  
  43  5:14  SCV  
  43  5:19  Marine x2  
  43  5:24  Medivac, Siege Tank  
  43  5:26  SCV  
  49  5:37  Marine x2  
  49  5:39  SCV  
  51  5:51  SCV  
  51  5:54  Marine  
  53  5:58  Barracks  
  53  5:59  Barracks  
  53  6:06  SCV  
  53  6:07  Marine  
  53  6:09  Starport Reactor  
  53  6:12  Supply Depot  
  53  6:17  Siege Tank  
  56  6:18  SCV  
  56  6:19  Orbital Command  
  57  6:34  Marine  
  57  6:35  Marine  
  59  6:44  Orbital Command, SCV  
  60  6:49  Siege Tank  
  60  6:51  Barracks Tech Lab x2  
  60  6:52  Marine x2  
  65  6:59  SCV  
  63  7:10  Marine x2  
  63  7:12  Marine x2  
  63  7:13  Combat Shields  
  63  7:14  Stimpack  
  65  7:21  Siege Tank  
  68  7:28  Medivac  
  68  7:29  Medivac  
  72  7:30  Refinery  
  72  7:31  Refinery  
  72  7:34  Marine x3  
  72  7:39  Marine  
  66  7:51  Marine  
  54  8:06  Marine x2  
  54  8:07  Medivac, Siege Tank, Marine  
  54  8:09  Marine  
  54  8:11  Barracks  
  63  8:13  Barracks  
  63  8:21  Terran Infantry Weapons Level 1  
  63  8:24  Marine x3  
  66  8:27  Marine  
  67  8:42  Marine x3  
  67  8:45  Marine  
  71  8:52  Medivac x2, Siege Tank  
  78  8:59  Marine  
  78  9:00  SCV x2, Marine x2, Supply Depot  
  78  9:01  Supply Depot  
  83  9:03  Marine  
  83  9:05  Barracks Reactor x2  
  84  9:12  SCV  
  84  9:13  SCV  
  86  9:19  Marine x2  
  86  9:21  Marine  
  86  9:38  Marine x3  
  79  9:39  Siege Tank, Marine  
  79  9:40  Medivac x2  
  79  9:42  Marine x2  
  83  9:56  Marine x3  
  83  9:57  Marine  
  83  9:58  Marine  
  83  9:59  Marine  
  88  10:00  Marine x2  
  90  10:11  Widow Mine  
  90  10:13  Marine  
  93  10:14  Marine x2  
  93  10:15  Marine  
  93  10:16  Marine x2  
  93  10:17  Medivac, Marine  
  93  10:18  Marine  
  102  10:23  Medivac  
  101  10:31  Marine  
  101  10:32  Marine  
  101  10:33  Marine  
  101  10:34  Marine  
  102  10:43  Marine  
Show
View Real Time Build Order
Export as new Build Order

MperorM Terran 

Build Orders: 1/1/1, Banshee Rush 

Get SALT Encoding   

  12  0:00  SCV  
  13  0:12  SCV  
  14  0:17  Supply Depot  
  14  0:25  SCV  
  15  0:31  Refinery  
  15  0:38  SCV  
  16  0:45  Barracks  
  16  0:50  Refinery  
  16  0:54  SCV  
  17  1:06  SCV  
  18  1:18  SCV  
  19  1:31  Orbital Command  
  19  1:32  Reaper  
  20  1:38  Factory  
  20  1:49  Supply Depot  
  20  1:56  SCV  
  21  2:04  Reaper  
  22  2:09  SCV  
  22  2:15  Supply Depot  
  23  2:21  SCV  
  23  2:22  Hellion  
  26  2:29  Starport  
  26  2:36  Reaper, SCV  
  28  2:43  Hellion  
  30  2:48  SCV  
  31  2:52  Supply Depot  
  31  3:00  SCV  
  32  3:12  Starport Tech Lab  
  31  3:13  Factory Tech Lab  
  31  3:15  SCV  
  31  3:18  Barracks Reactor  
  31  3:27  Command Center  
  31  3:31  SCV  
  32  3:37  Banshee  
  35  3:41  Cloaking Field  
  35  3:45  SCV  
  36  3:52  Cyclone  
  39  3:56  Marine  
  39  3:57  SCV  
  39  3:58  Marine  
  42  4:09  SCV  
  38  4:16  Marine  
  37  4:21  Banshee  
  37  4:22  SCV  
  33  4:34  SCV  
  34  4:46  SCV  
  34  4:50  Siege Tank  
  38  4:53  Marine x2  
  38  4:58  SCV  
  41  5:01  Supply Depot  
  41  5:10  SCV  
  39  5:22  SCV  
  39  5:27  Siege Tank  
  40  5:34  Marine x2, SCV  
  40  5:35  Starport Reactor  
  37  5:50  SCV  
  37  5:51  Orbital Command  
  37  5:52  Marine x2  
  40  5:59  Siege Tank  
  43  6:07  SCV  
  43  6:11  Medivac  
  46  6:14  Refinery  
  46  6:16  Marine x2  
  48  6:19  SCV  
  48  6:21  SCV  
  48  6:23  Medivac  
  49  6:33  SCV  
  49  6:37  Marine x2  
  49  6:38  SCV  
  53  6:41  Medivac  
  54  6:48  SCV  
  54  6:53  SCV  
  56  6:55  Barracks, Marine  
  56  6:56  Engineering Bay  
  56  7:00  SCV  
  58  7:06  SCV  
  59  7:13  Marine x2, SCV  
  59  7:15  Medivac x2  
  66  7:18  SCV  
  67  7:24  Terran Infantry Weapons Level 1  
  67  7:25  SCV  
  68  7:32  Supply Depot x2  
  68  7:34  Marine  
  69  7:37  Marine  
  70  7:50  SCV  
  70  7:51  Siege Tank, SCV  
  60  8:02  SCV  
  60  8:05  Marine x3  
  58  8:06  SCV  
  58  8:07  Medivac, Stimpack  
  58  8:09  Barracks  
  61  8:14  SCV  
  61  8:18  SCV  
  63  8:20  Refinery  
  63  8:23  Siege Tank  
  63  8:24  Marine x3  
  63  8:26  SCV  
  70  8:30  SCV  
  71  8:39  SCV  
  72  8:41  Marine  
  72  8:42  SCV  
  72  8:47  Marine x2  
  76  8:51  SCV  
  76  8:54  Medivac, SCV  
  76  8:55  Medivac, Siege Tank  
  85  9:01  Barracks Reactor  
  85  9:03  SCV  
  85  9:07  Command Center  
  86  9:24  SCV x2  
  86  9:26  Marine  
  83  9:33  Marine  
  83  9:34  Marine  
  83  9:36  SCV x2  
  78  9:50  Marine x2, SCV  
  78  9:52  Marine  
  78  9:53  SCV  
  78  9:54  Siege Tank  
  76  10:00  Marine x2  
  76  10:02  SCV  
  76  10:05  SCV  
  78  10:13  Marine  
  78  10:18  SCV  
  72  10:44  Marine, SCV x2  
  67  10:56  Barracks  
  68  10:58  Barracks  
  68  10:59  Barracks  
  68  11:00  Barracks  
Tags
 
Add a new tag
Caveats
  • Supply blocks, unpowered buildings, or Contaminate may cause inaccurate times.
  • Supply counts are checked every 10 seconds.